 Dungeon Crawl Stone Soup version 0.30-a0-297-g0ec75d9ef4 (webtiles) character file.

Game seed: 17691569308392091692

54358 CertainDeath the Warrior (level 14, 0/135 HPs)
             Began as a Minotaur Monk on Oct 18, 2022.
             Was a Priest of Uskayaw.
             Slain by a titanic slime creature (18 damage)
             ... on level 14 of the Dungeon.
             The game lasted 00:49:35 (18982 turns).

CertainDeath the Warrior (Minotaur Monk)           Turns: 18982, Time: 00:49:35

Health: 0/135      AC: 13    Str: 23    XL:     14   Next: 34%
Magic:  0/22       EV: 24    Int:  7    God:    Uskayaw [***...]
Gold:   802        SH:  0    Dex: 23    Spells: 13/13 levels left

rFire   . . .      SeeInvis .    a - +0 scimitar (flame)
rCold   . . .      Faith    .    (no shield)
rNeg    . . .      Spirit   +    F - +0 steam dragon scales
rPois   +          Reflect  .    o - +2 hat
rElec   .          Harm     .    M - +2 cloak {rPois}
rCorr   .          Rampage  .    q - +1 pair of gloves
Will    ++...                    h - +0 pair of boots
Stlth   +.........               r - amulet of guardian spirit
HPRegen 0.42/turn                Q - ring of Jawy {+Blink Will+ Str+6 Dex+6 Stlth-}
MPRegen 0.18/turn                K - +4 ring of slaying

@: no status effects
A: horns 2, retaliatory headbutt
a: Renounce Religion, Evoke Blink, Stomp, Line Pass


You were on level 14 of the Dungeon.
You worshipped Uskayaw.
Uskayaw was pleased with you.
You visited 3 branches of the dungeon, and saw 20 of its levels.

You collected 1229 gold pieces.
You spent 427 gold pieces at shops.

Inventory:

Hand Weapons
 a - a +0 scimitar of flaming (weapon)
 m - a +2 dagger of venom
Missiles
 t - a silver boomerang
 v - 12 boomerangs
 x - 3 curare-tipped darts (quivered)
 S - 6 javelins
 X - 6 atropa-tipped darts
Armour
 g - a +2 crystal plate armour
 h - a +0 pair of boots (worn)
 o - a +2 hat (worn)
 q - a +1 pair of gloves (worn)
 F - +0 steam dragon scales (worn)
 M - a +2 cloak of poison resistance (worn)
Jewellery
 r - an amulet of guardian spirit (around neck)
 E - a ring of protection from fire
 G - a ring of poison resistance
 K - a +4 ring of slaying (right hand)
 P - a ring of flight
 Q - the ring of Jawy (left hand) {+Blink Will+ Str+6 Dex+6 Stlth-}
   (You took it off a kobold brigand on level 9 of the Dungeon)

   [ring of dexterity]

   Str:       It affects your strength (+6).
   Dex:       It affects your dexterity (+6).
   +Blink:    It lets you blink.
   Will:      It increases your willpower.
   Stlth:     It makes you less stealthy.
 R - a ring of see invisible
Wands
 f - a wand of polymorph (10)
 u - a wand of flame (24)
 A - a wand of mindburst (8)
 B - a wand of charming (10)
 U - a wand of roots (22)
 V - a wand of acid (10)
Scrolls
 i - 6 scrolls of fear
 l - 8 scrolls of teleportation
 p - a scroll of blinking
 L - 3 scrolls of butterflies
 O - 2 scrolls of identify
 W - 3 scrolls of magic mapping
 Y - a scroll of brand weapon
Potions
 b - a potion of mutation
 c - a potion of ambrosia
 d - 12 potions of curing
 e - a potion of magic
 j - 4 potions of brilliance
 k - 7 potions of lignification
 n - 2 potions of invisibility
 s - 2 potions of resistance
 w - 5 potions of cancellation
 z - 2 potions of flight
 C - 2 potions of berserk rage
 D - 3 potions of heal wounds
 H - 3 potions of might
 I - 5 potions of attraction
 N - 3 potions of haste
Miscellaneous
 Z - a condenser vane


   Skills:
 + Level 15.6 Fighting
 - Level 14.0 Long Blades
 + Level 14.4 Dodging
 - Level 1.5 Stealth
 + Level 12.5 Invocations
 + Level 5.8 Evocations


You had 13 spell levels left.
You didn't know any spells.
Your spell library contained the following spells:

 Spells                   Type           Power      Damage    Failure   Level
 Necrotise                Necr           0%         1d4       43%         1
 Shock                    Conj/Air       0%         1d3       43%         1
 Ensorcelled Hibernation  Hex/Ice        0%         N/A       56%         2
 Swiftness                Air            0%         N/A       80%         3
 Vampiric Draining        Necr           0%         2d6       80%         3
 Airstrike                Air            0%         2d(0-16)  99%         4
 Ice Form                 Ice/Tmut       0%         N/A       99%         4
 Petrify                  Tmut/Erth      0%         N/A       99%         4
 Summon Ice Beast         Ice/Summ       0%         N/A       99%         4
 Agony                    Necr           0%         N/A       100%        5
 Iskenderun's Battlesphe  Conj           0%         2d6       100%        5
 Metabolic Englaciation   Hex/Ice        0%         N/A       100%        5
 Summon Mana Viper        Hex/Summ       0%         N/A       100%        5
 Death Channel            Necr           0%         N/A       100%        6
 Iron Shot                Conj/Erth      0%         9d1       100%        6
 Statue Form              Tmut/Erth      0%         N/A       100%        6
 Monstrous Menagerie      Summ           0%         N/A       100%        7
 Spellforged Servitor     Conj/Summ      0%         N/A       100%        7
 Infestation              Necr           0%         N/A       100%        8


Dungeon Overview and Level Annotations

Branches:
Dungeon (14/15)            Temple (1/1) D:4            Lair (5/5) D:8
 Shoals (0/4) Lair:2       Spider (0/4) Lair:3        Slime (0/5) Lair:4
    Orc (0/2) D:9
 Vaults: D:13-14

Altars:
Elyvilon
Gozag
Hepliaklqana
Makhleb
Qazlal
Ru
Trog
Uskayaw
Wu Jian
Yredelemnul
The Shining One
Jiyva

Shops:
D:6 !   D:7 =   D:9 [

Portals:
Trove: D:12 (give 6 scrolls of blinking)

Annotations:
D:14 Kirke


Innate Abilities, Weirdness & Mutations

You have a pair of horns on your head.
You reflexively headbutt those who attack you in melee.


Message History

The titanic slime creature is moderately wounded.
The hog closely misses you. You furiously retaliate!
You headbutt the hog! The hog misses you.
The titanic slime creature hits you!!!!
Ouch! That really hurt!
You barely miss the titanic slime creature.
You headbutt the titanic slime creature!
The titanic slime creature is moderately wounded.
The hog completely misses you. The hog bites you!
The titanic slime creature completely misses you.
You slice the titanic slime creature!! You burn the titanic slime creature!
The titanic slime creature is heavily wounded.
The hog completely misses you. x2
You hit the titanic slime creature. You burn the titanic slime creature.
You headbutt the titanic slime creature!!
The titanic slime creature is heavily wounded.
The titanic slime creature hits you!!!
* * * LOW HITPOINT WARNING * * *
The hog misses you. x2
Uskayaw will force your foes to helplessly watch your dance.
Uskayaw prepares the audience for your solo!
The helpless titanic slime creature fails to defend itself.
You hit the titanic slime creature. You burn the titanic slime creature.
You headbutt the titanic slime creature!
The titanic slime creature is heavily wounded.
The helpless titanic slime creature fails to defend itself.
You hit the titanic slime creature. You burn the titanic slime creature.
The titanic slime creature is heavily wounded.
The helpless titanic slime creature fails to defend itself.
You slice the titanic slime creature!! You burn the titanic slime creature.
The titanic slime creature is severely wounded.
The hog is no longer paralysed. x2
The slime creature is no longer paralysed.
The helpless titanic slime creature fails to defend itself.
You hit the titanic slime creature. You burn the titanic slime creature.
You headbutt the titanic slime creature!
The titanic slime creature is severely wounded.
The hog is no longer paralysed. x2
The titanic slime creature is no longer paralysed.
The titanic slime creature hits you!!
You die...

.#. #.# #.# #+## #.#
#...# ##.# #.....
##..# #h.....
######...####hJ.....
.......<....@J.h....
######....###hhh....
##.#.# #h..... ###.#
#..... #.# #...# #.#
#+## ... #.#


You could see a titanic slime creature, a slime creature and 7 hogs.

Vanquished Creatures
  4 hydras
  A merfolk avatar (Lair:5)
  A centaur warrior (D:9)
  A two-headed ogre (D:11)
  3 boulder beetles
  3 death yaks
  A wizard (D:9)
  3 harpies (Lair:5)
  An oklob plant (Lair:4)
  4 cyclopes
  An ugly thing (D:13)
  5 manticores
  17 elephants
  A merfolk siren (Lair:2)
  9 black mambas
  11 cane toads
  An unseen horror (D:12)
  5 rime drakes
  An efreet (D:12)
  5 komodo dragons
  3 wind drakes (Lair:5)
  2 trolls (D:12)
  6 slime creatures
  A polar bear (Lair:2)
  2 hornets
  23 blink frogs
  2 snapping turtles (Lair:5)
  2 vampires
  48 yaks
  2 shadows
  3 wraiths
  5 wyverns
  2 redbacks (Lair:3)
  6 basilisks
  Grum (D:11)
  6 vampire mosquitoes
  3 steam dragons
  2 acid dragons
  13 water moccasins
  4 orc warriors
  A sky beast (D:7)
  A black bear (D:8)
  7 wolves
  6 centaurs
  A phantom (D:7)
  4 kobold brigands
  4 gnoll sergeants
  15 bullfrogs
  A necrophage (D:6)
  3 killer bees (D:9)
  2 electric eels
  6 howler monkeys
  5 jellies
  A gnoll bouda (D:6)
  8 orc priests
  3 iguanas
  Ijyb (D:5)
  14 orc wizards
  6 hell rats (Lair:2)
  A human simulacrum (D:13)
  18 gnolls
  6 adders
  2 shadow imps (D:5)
  3 white imps
  2 ufetubi
  2 worms (D:2)
  2 dart slugs
  42 orcs
  9 ball pythons
  5 bats
  6 endoplasms
  5 giant cockroaches
  6 goblins
  7 hobgoblins
  2 jackals (D:1)
  20 kobolds
  3 quokkas
  2 frilled lizards (D:1)
  3 rats
  A bush (Lair:3)
450 creatures vanquished.

Vanquished Creatures (others)
  8 fungi
  38 plants
  4 toadstools (D:1)
50 creatures vanquished.

Grand Total: 500 creatures vanquished

Notes
Turn   | Place    | Note
-------+----------+-------------------------------------------
     0 | D:1      | CertainDeath the Minotaur Monk began the quest for the Orb.
     0 | D:1      | Reached XP level 1. HP: 19/19 MP: 0/0
   260 | D:2      | Reached XP level 2. HP: 21/21 MP: 1/1
   434 | D:1      | Reached skill level 4 in Fighting
   920 | D:2      | Reached XP level 3. HP: 22/31 MP: 2/2
  1419 | D:2      | Reached XP level 4. HP: 41/41 MP: 3/3
  1442 | D:2      | Got the Treatise on Polar Stolen Souls
  1940 | D:3      | Identified the +0 cloak "Jyngiquph" {rC- Dex+5 Stlth+}
  2809 | D:5      | Entered Level 5 of the Dungeon
  2809 | D:5      | Noticed Ijyb
  2821 | D:5      | Killed Ijyb
  2822 | D:5      | Reached skill level 5 in Fighting
  2822 | D:5      | Reached skill level 5 in Long Blades
  2822 | D:5      | Reached XP level 5. HP: 46/48 MP: 4/4
  3094 | D:4      | Found a staircase to the Ecumenical Temple.
  3103 | Temple   | Entered the Ecumenical Temple
  3112 | Temple   | Became a worshipper of Uskayaw the Reveller
  3112 | Temple   | Reached * piety under Uskayaw
  3424 | D:5      | Reached ** piety under Uskayaw
  3427 | D:5      | Reached *** piety under Uskayaw
  3429 | D:5      | Reached **** piety under Uskayaw
  3431 | D:5      | Reached skill level 5 in Dodging
  3431 | D:5      | Reached XP level 6. HP: 38/56 MP: 5/5
  3560 | D:5      | Reached skill level 1 in Invocations
  4234 | D:5      | You fall into a shaft and drop 1 floor!
  4430 | D:5      | Reached skill level 6 in Fighting
  4993 | D:6      | Reached XP level 7. HP: 50/63 MP: 7/7
  5224 | D:6      | Found Xyuriede's Distillery.
  5234 | D:6      | Bought a potion of heal wounds for 50 gold pieces
  5900 | D:7      | Noticed a steam dragon
  5940 | D:7      | Killed a steam dragon
  5941 | D:7      | Reached skill level 7 in Fighting
  5941 | D:7      | Reached XP level 8. HP: 42/73 MP: 9/9
  6931 | D:7      | Found Jooritze's Jewellery Boutique.
  7019 | D:8      | Reached skill level 8 in Fighting
  7066 | D:8      | Reached XP level 9. HP: 39/81 MP: 11/11
  7348 | D:7      | Reached skill level 5 in Invocations
  7594 | D:8      | Found a staircase to the Lair.
  7756 | D:8      | Found an opulent altar of Gozag.
  7756 | D:8      | Found a sacrificial altar of Ru.
  7832 | D:9      | Found Uneow's Antique Armour Emporium.
  7836 | D:9      | Bought a glowing cloak for 195 gold pieces
  7850 | D:9      | Bought a buzzing leather armour for 182 gold pieces
  7850 | D:9      | Identified the +1 leather armour of Omission {Str+2 Int+4
                  | Stlth+} (You bought it in a shop on level 9 of the Dungeon)
  7892 | D:10     | Entered Level 10 of the Dungeon
  8050 | D:9      | Reached skill level 9 in Fighting
  8138 | D:9      | Identified the +0 buckler "Fennaas" {Str+6}
  8139 | D:9      | Noticed a wizard
  8139 | D:9      | Noticed a centaur warrior
  8146 | D:9      | Identified the ring of Jawy {+Blink Will+ Str+6 Dex+6
                  | Stlth-}
  8148 | D:9      | Killed a wizard
  8156 | D:9      | Reached XP level 10. HP: 63/91 MP: 10/13
  8156 | D:9      | Killed a centaur warrior
  8158 | D:9      | Reached ***** piety under Uskayaw
  8180 | D:9      | Reached skill level 10 in Fighting
  8291 | D:9      | Reached skill level 10 in Long Blades
  8306 | D:9      | Identified the +2 hand axe of Tiuplon {pain, Dex+2 Stlth+}
  8447 | D:9      | Found a glowing golden altar of the Shining One.
  8575 | D:9      | Found a staircase to the Orcish Mines.
  9219 | D:10     | Reached ****** piety under Uskayaw
  9424 | D:10     | Reached skill level 10 in Dodging
  9425 | D:10     | Reached skill level 11 in Fighting
  9426 | D:10     | Reached XP level 11. HP: 90/102 MP: 14/16
 10178 | D:11     | Noticed a two-headed ogre
 10193 | D:11     | Killed a two-headed ogre
 10348 | D:11     | Noticed Grum
 10363 | D:11     | Killed Grum
 10663 | D:12     | Found a frozen archway.
 11091 | D:11     | Found a sacrificial altar of Ru.
 11575 | D:12     | Reached skill level 12 in Fighting
 11856 | D:13     | Noticed a boulder beetle
 12037 | D:12     | Found a portal to a secret trove of treasure.
 12542 | Lair:1   | Entered Level 1 of the Lair of Beasts
 12574 | Lair:1   | Reached XP level 12. HP: 113/113 MP: 18/18
 12986 | Lair:1   | Reached skill level 10 in Invocations
 13136 | Lair:1   | Reached skill level 13 in Fighting
 14204 | Lair:3   | Found a hole to the Spider Nest.
 14357 | Lair:2   | Reached XP level 13. HP: 122/123 MP: 20/20
 14714 | Lair:2   | Found a staircase to the Shoals.
 14730 | Lair:2   | Reached skill level 1 in Evocations
 15029 | Lair:3   | Reached skill level 14 in Fighting
 15357 | Lair:3   | Identified the +6 mace of Liomil {vorpal, rPois MP-9 Str+4
                  | Int+3}
 15878 | Lair:3   | Found the +8 whip "Snakebite" {venom, curare, rPois}
 16228 | Lair:5   | Entered Level 5 of the Lair of Beasts
 16316 | Lair:5   | Reached skill level 15 in Fighting
 16564 | Lair:4   | Found a viscous altar of Jiyva.
 16564 | Lair:4   | Found a staircase to the Slime Pits.
 16749 | Lair:5   | Reached XP level 14. HP: 91/135 MP: 16/22
 17320 | Lair:4   | Reached skill level 5 in Evocations
 18966 | D:14     | Noticed Kirke
 18982 | D:14     | Slain by a titanic slime creature

Illustrated notes

Levels and vault maps discovered:
D:1:      ldierk_water_garden, layout_basic, minmay_splitting_lines
D:2:      minmay_angry_zag, layout_loops_ring, serial_forest,
          infiniplex_forest_clump_medium, infiniplex_forest_clump_large,
          infiniplex_forest_end_1, infiniplex_forest_zigzag_2,
          infiniplex_forest_corner_2, infiniplex_forest_clump_tiny,
          infiniplex_forest_clump_curved
D:3:      layout_rooms, hangedman_feature_mirror, hangedman_decor_push
D:4:      layout_gridville, minmay_temple_entry_junction, feat_on_display
D:5:      layout_loops_corners, serial_co_window_serial,
          co_window_of_opportunity_a, co_window_paths_a, co_window_paths_b,
          co_window_corner_a, co_window_corner_a, co_window_paths_b,
          co_window_paths_a, co_window_of_opportunity_a, co_window_corner_a,
          co_window_broadway_c, co_window_corner_cb, co_window_2corner,
          co_window_of_opportunity_b, co_window_paths_d, uniq_ijyb
D:6:      layout_loops_ring, serial_shops, nicolae_lakefront_shop,
          corner_web_ring
D:7:      layout_basic, serial_shops, nicolae_shop_hallway_stairs
D:8:      hellmonk_destroyed_diamonds, layout_cave_pools,
          nicolae_overflow_two_pavilions, dpeg_oklobed_lair
D:9:      minmay_the_grid_four_pointed_star
          [minmay_the_grid_triangle_9x9_descending_squares,
          minmay_the_grid_triangle_9x9_cache,
          minmay_the_grid_triangle_9x9_corrupted_corridor,
          minmay_the_grid_triangle_9x9_sprig, minmay_the_grid_prize_trominoes],
          layout_basic, tso_oasis_becter, orc_0_dummy, serial_shops,
          nicolae_shop_hallway_stairs
D:10:     layout_long_grid
D:11:     layout_irregular_city, nicolae_ru_awakened_eye, uniq_grum
D:12:     layout_loops_ring, portal_ice_cave_entry_pillars_2, enter_trove_2
D:13:     layout_roguey, david_vaults_4, small_chamber_with_monster,
          bh_circular_ruins, uniq_josephine
D:14:     layout_loops_corners, kennysheep_cluttered_room, uniq_kirke
Temple:   compressed_dpeg_triangle_lava_temple
Lair:1:   layout_gridlike, serial_bayou_shore_b, grunt_megastairs_2
Lair:2:   layout_long_grid, minmay_shoals_entry_lonely_mermaid,
          nicolae_lair_grazing_beasts [nicolae_sub_lair_graze_edge,
          nicolae_sub_lair_graze_edge, nicolae_sub_lair_graze_edge,
          nicolae_sub_lair_graze_edge], lemuel_fruit_fields
Lair:3:   minmay_guarded_unrand_snakebite, layout_regular_city,
          spider_nest_entry_webs, minmay_hedge_maze, grunt_megastairs_3
Lair:4:   layout_loops_ring, minmay_slime_entry_pillars
Lair:5:   gammafunk_lair_ancient_temple, layout_misc_corridors

Skill      XL: |  1  2  3  4  5  6  7  8  9 10 11 12 13 14 |
---------------+-------------------------------------------+-----
Fighting       | 4 5 6 7 8 9 11 12 13 15 | 15.6
Long Blades    | 4 5 6 8 9 11 12 13 14 | 14.0
Dodging        | 4 5 6 7 8 10 11 12 13 14 | 14.4
Invocations    | 2 3 4 6 8 9 10 12 | 12.5
Evocations     | 4 5 |  5.8
Stealth        | |  1.5

Action                   |  1- 3 |  4- 6 |  7- 9 | 10-12 | 13-15 || total
-------------------------+-------+-------+-------+-------+-------++-------
Melee: Falchion          |    24 |    13 |   206 |   264 |       ||   507
       Headbutt          |    15 |    22 |    53 |   132 |   111 ||   333
       Short sword       |    58 |   136 |       |       |       ||   194
       Punch             |     1 |     1 |     1 |     9 |     6 ||    18
       Unarmed           |       |     3 |       |       |       ||     3
       Dagger            |       |       |     5 |       |       ||     5
       Scimitar          |       |       |       |   177 |   376 ||   553
Throw: Dart              |       |       |       |     1 |     1 ||     2
Invok: Stomp             |       |     1 |     1 |     1 |       ||     3
       Line Pass         |       |       |     1 |       |       ||     1
Evoke: Wand              |       |       |       |       |     6 ||     6
  Use: Scroll            |     4 |    11 |     2 |     8 |     3 ||    28
       Potion            |       |     1 |       |       |     1 ||     2
 Stab: Sleeping          |     3 |     4 |     3 |       |       ||    10
       Paralysed         |       |     1 |    18 |    29 |    32 ||    80
       Confused          |       |       |     1 |       |       ||     1
Armor: Robe              |     7 |     2 |       |       |       ||     9
       Scale mail        |       |    41 |    59 |       |       ||   100
       Steam dragon scal |       |       |    49 |   107 |    51 ||   207
Dodge: Dodged            |    53 |    85 |   167 |   434 |   342 ||  1081

Table legend: (Time is in decaauts)
 A = Elapsed time spent in this place.
 B = Non-inter-level travel time spent in this place.
 C = Inter-level travel time spent in this place.
 D = Time resting spent in this place.
 E = Time spent auto-exploring this place.
 F = Levels seen in this place.
 G = Mean time per level.
                   A        B        C        D        E       F      G
               +--------+--------+--------+--------+--------+-----+--------+
         Total |  18822 |  17998 |    824 |    897 |  12847 |  20 |  941.1 |
       Dungeon |  12891 |  12336 |    555 |    405 |   9169 |  14 |  920.8 |
        Temple |     16 |     10 |      6 |      0 |      0 |   1 |   16.0 |
          Lair |   5914 |   5652 |    262 |    492 |   3677 |   5 | 1182.8 |
               +--------+--------+--------+--------+--------+-----+--------+

Top non-repeatable levels by time:
     D:5: 1522 daAuts
    D:11: 1393 daAuts
  Lair:4: 1385 daAuts
  Lair:2: 1348 daAuts
     D:6: 1260 daAuts
     D:9: 1151 daAuts
    D:10: 1110 daAuts
     D:7: 1109 daAuts
  Lair:3: 1109 daAuts
  Lair:5: 1065 daAuts
     D:2: 1014 daAuts
    D:12: 1009 daAuts
  Lair:1: 1006 daAuts
     D:4: 839 daAuts
     D:1: 816 daAuts
